 Dungeon Crawl Stone Soup version 0.20-a0-548-g4f8a798 (webtiles) character file.

317 Lahna the Shield-Bearer (level 6, -6/39 HPs)
             Began as a Gargoyle Fighter on Feb 1, 2017.
             Killed by divine providence
             ... invoked by an orc priest
              (11 damage)
             ... on level 3 of the Dungeon.
             The game lasted 00:07:14 (3037 turns).

Lahna the Shield-Bearer (Gargoyle Fighter)          Turns: 3037, Time: 00:07:15

Health: -6/39      AC: 14    Str: 22    XL:     6   Next: 45%
Magic:  6/6        EV:  7    Int:  8    God:
Gold:   168        SH:  9    Dex:  9    Spells: 5/5 levels left

rFire    . . .     SeeInvis .   r - +0 whip (pain)
rCold    . . .     Gourm    .   b - +0 scale mail
rNeg     + . .     Faith    .   c - +0 shield
rPois    ∞         Spirit   .   (no helmet)
rElec    +         Reflect  .   s - +0 cloak
rCorr    .         Harm     .   m - +1 pair of gloves
MR       .....                  (no boots)
Stlth    ..........             (no amulet)
Regen    0.2/turn               q - ring of loudness (curse)
                                (no ring)

@: no status effects
A: negative energy resistance 1, electricity resistance, unbreathing,
petrification resistance, rot immunity, AC +4
a: no special abilities


You were on level 3 of the Dungeon.
You were hungry.

You visited 1 branch of the dungeon, and saw 4 of its levels.

You collected 168 gold pieces.

Inventory:

Hand Weapons
 r - a +0 whip of pain (weapon)
Armour
 b - a +0 scale mail (worn)
 c - a +0 shield (worn)
 m - a +1 pair of gloves (worn)
 s - a +0 cloak (worn)
Jewellery
 q - a cursed ring of loudness (right hand)
 u - an uncursed ring of ice
Scrolls
 e - 2 scrolls of identify
 i - 2 scrolls of fear
 k - a scroll of remove curse
 n - 2 scrolls of enchant armour
Potions
 h - a potion of mutation {unknown}
 j - 2 potions of magic
 l - 2 potions of heal wounds {unknown}
 o - a potion of ambrosia {unknown}
 p - a potion of resistance {unknown}
 v - a potion of agility {unknown}
Comestibles
 a - a meat ration
 f - 4 bread rations
 g - 3 royal jellies


   Skills:
 + Level 4.3 Fighting
 + Level 4.5 Maces & Flails
 + Level 4.3 Armour
 + Level 4.6 Shields


You had 5 spell levels left.
You didn't know any spells.

Dungeon Overview and Level Annotations

Branches:
Dungeon (4/15)
 Temple: D:4-7

Altars:
Dithmenos


Innate Abilities, Weirdness & Mutations

You are resistant to torment.
Your stone body is resilient. (AC +4)
You are immune to poison.
You resist negative energy. (rN+)
You are resistant to electric shocks. (rElec)
You can survive without breathing.
You are immune to petrification.
You are immune to rotting.


Message History

Unknown command.
You barely miss the orc priest.
The orc priest is lightly wounded.
The frilled lizard bites you but does no damage.
The orc closely misses you. You block the orc's attack.
The orc barely misses you. The orc priest closely misses you.
Unknown command.
You hit the orc priest but do no damage.
The orc priest is lightly wounded.
The frilled lizard barely misses you. You block the orc's attack.
The orc hits you but does no damage. The orc closely misses you.
The orc priest hits you but does no damage.
You hit the orc priest.
The orc priest is moderately wounded.
You block the orc's attack.
The frilled lizard bites you but does no damage.
The orc hits you but does no damage. x2
The orc priest calls down the wrath of Beogh upon you.
Beogh smites you!
You die...

▒.......▒▒▒▒▒▒▒.......
▒.......▒ ▒.......
▒.......▒ ▒.).....
▒.......▒ ▒▒▒▒▒)▒.▒▒▒▒
▒.......▒▒▒.....▒.▒▒▒▒
▒▒▒▒......+...........
▒g▒▒▒▒▒▒.....▒.▒▒▒▒
▒▒▒▒▒▒▒▒o▒▒▒........▒.▒▒▒▒
▒.......@o.'..............
▒......loo.▒........▒+▒▒▒.
▒..........▒▒.........(...
▒..........▒▒.............
▒..........▒▒.............
▒..........▒▒.............
▒▒▒▒▒▒▒▒▒.......).........
▒...............▒▒
▒...........▒▒▒.▒▒


You could see an orc priest, 3 orcs, a hobgoblin and a frilled lizard.

Vanquished Creatures
  An ice beast (D:3)
  Crazy Yiuf (D:3)
  An orc wizard (D:3)
  A worker ant (D:4)
  3 adders
  3 oozes (D:3)
  2 worms
  3 dart slugs
  3 leopard geckos
  6 orcs
  3 giant cockroaches
  9 hobgoblins
  5 jackals
  6 kobolds
  A quokka (D:3)
  A ball python (D:3)
  8 bats
  8 frilled lizards
  7 goblins
  6 rats
78 creatures vanquished.

Notes
Turn   | Place    | Note
-------+----------+-------------------------------------------
     0 | D:1      | Lahna the Gargoyle Fighter began the quest for the Orb.
     0 | D:1      | Reached XP level 1. HP: 14/14 MP: 1/1
    87 | D:1      | Reached XP level 2. HP: 19/19 MP: 2/2
   486 | D:1      | Reached XP level 3. HP: 23/23 MP: 3/3
   776 | D:2      | Found a shadowy altar of Dithmenos.
  1389 | D:2      | Reached XP level 4. HP: 26/28 MP: 4/4
  1890 | D:3      | Noticed an ice beast
  1905 | D:3      | Killed an ice beast
  1905 | D:3      | Reached XP level 5. HP: 23/33 MP: 5/5
  1964 | D:3      | Reached XP level 6. HP: 6/38 MP: 6/6
  2678 | D:3      | Found a runed door.
  2682 | D:3      | Noticed Crazy Yiuf
  2696 | D:3      | Killed Crazy Yiuf
  3037 | D:3      | Killed from afar by an orc priest

Vault maps used:
D:1:      dpeg_arrival_tiny_g, minmay_vboxes
D:2:      first_bread, nicolae_dithmenos_shadow_blocks
D:3:      interstate_on_off, uniq_crazy_yiuf_cottage
D:4:      minmay_temple_entry_overgrown, wad_floor_pattern_untrapped

Skill      XL: |  1  2  3  4  5 |
---------------+----------------+-----
Maces & Flails | 3 4 |  4.5
Armour         | 4 |  4.3
Shields        | 4 |  4.6
Fighting       | 4 |  4.3

Action                   |  1- 3 |  4- 6 || total
-------------------------+-------+-------++-------
Melee: Flail             |   145 |       ||   145
       Whip              |    32 |   235 ||   267
  Use: Potion            |       |     1 ||     1
       Scroll            |       |     8 ||     8
  Eat: Chunk             |     2 |     5 ||     7
Armor: Scale mail        |   103 |   130 ||   233
Dodge: Dodged            |    66 |    91 ||   157
Block: Shield            |    87 |   114 ||   201
